 Dungeon Crawl Stone Soup version 0.30.0-29-ga12c61a403 (webtiles) character file.

Game seed: 4255918761321432953

56 DildoBatman the Conjurer (level 4, -1/30 (32) HPs)
             Began as a Formicid Conjurer on June 8, 2023.
             Slain by Prince Ribbit (18 damage)
             ... on level 5 of the Dungeon.
             The game lasted 00:03:07 (1102 turns).

DildoBatman the Conjurer (Formicid Conjurer)        Turns: 1102, Time: 00:03:07

HP:   -1/30 (32)    AC:  2    Str: 12    XL:     4   Next: 15%
MP:   4/7           EV: 12    Int: 19    God:
Gold: 91            SH:  0    Dex: 12    Spells: 5/8 levels left

rFire   . . .        a - +0 sling
rCold   . . .        (no shield)
rNeg    . . .        e - +0 robe
rPois   .            (helmet unavailable)
rElec   .            (no cloak)
rCorr   .            (no gloves)
SInv    +            (no boots)
Will    .....        (no amulet)
Stlth   ++           g - ring of wizardry
HPRegen 0.25/turn    (no ring)
MPRegen 0.10/turn

%: wizardry (x1)
@: drained
A: permanent stasis, dig shafts and tunnels, antennae 3, four strong arms
a: Dig, Shaft Self


You were on level 5 of the Dungeon.
You visited 1 branch of the dungeon, and saw 4 of its levels.

You collected 91 gold pieces.

Inventory:

Hand Weapons
 a - a +0 sling (weapon)
 b - a +1 spear of venom
 i - a +2 dagger of flaming
Missiles
 k - a throwing net
 s - 5 poisoned darts
Armour
 e - a +0 robe (worn)
Jewellery
 g - a ring of wizardry (left hand)
Scrolls
 c - 2 scrolls of summoning {unknown}
 d - a scroll of blinking {unknown}
 j - 4 scrolls of identify {unknown}
 l - a scroll of immolation {unknown}
 m - 3 scrolls of enchant armour {unknown}
 o - a scroll of teleportation {unknown}
 p - a scroll of noise {unknown}
 r - a scroll of brand weapon {unknown}
Potions
 f - a potion of magic
 h - a potion of curing {unknown}
 n - a potion of degeneration {unknown}
 q - a potion of ambrosia {unknown}


   Skills:
 * Level 1.4 Fighting
 * Level 1.2 Armour
 * Level 2.2 Dodging
 - Level 3.0 Stealth
 * Level 2.6 Spellcasting
 * Level 3.8 Conjurations


You had 5 spell levels left.
You knew the following spells:

 Your Spells              Type           Power      Damage    Failure   Level
a - Searing Ray           Conj           34%        2d5       1%          2
c - Magic Dart            Conj           68%        1d6       1%          1

Your spell library contained the following spells:

 Spells                   Type           Power      Damage    Failure   Level
 Dazzling Flash           Conj/Hex       18%        N/A       9%          3
 Cigotuvi's Dreadful Rot  Necr/Pois/Air  4%         N/A       10%         2
 Ignite Poison            Fire/Tmut/Pois 2%         N/A       19%         3
 Fulminant Prism          Conj/Hex       4%         3d5       26%         4
 Iskenderun's Mystic Bla  Conj/Tloc      9%         2d4       26%         4
 Freezing Cloud           Conj/Ice/Air   3%         6-21      67%         5


Dungeon Overview and Level Annotations

Branches:
Dungeon (3/15)

Altars:

Annotations:
D:5 Prince Ribbit


Innate Abilities, Weirdness & Mutations

You cannot be hasted, slowed, berserked, paralysed or teleported.
You can dig through walls and to a lower floor.
You have a pair of large antennae on your head. (SInv)
Your four strong arms can wield two-handed weapons with a shield.


Message History

Found a stone staircase leading up.
The orc priest shouts! x2
The orc wizard shouts!
The orc shouts!
What are your orders? t - Shout!
Orders for allies: a - Attack new target. r - Retreat! s - Stop attacking. g - Guard the area. f - Follow me.
Anything else - Cancel.
You shout for attention!
Prince Ribbit blinks!
What are your orders? t - Shout!
Orders for allies: a - Attack new target. r - Retreat! s - Stop attacking. g - Guard the area. f - Follow me.
Anything else - Cancel.
You shout for attention!
What are your orders? t - Shout!
Orders for allies: a - Attack new target. r - Retreat! s - Stop attacking. g - Guard the area. f - Follow me.
Anything else - Cancel.
You shout for attention!
Prince Ribbit misses you. What are your orders? t - Shout!
Orders for allies: a - Attack new target. r - Retreat! s - Stop attacking. g - Guard the area. f - Follow me.
Anything else - Cancel.
You shout for attention!
Prince Ribbit catches a mosquito with his tongue.
Prince Ribbit hits you!
The orc priest hits you with a +0 short sword.
Prince Ribbit hits you!!
Ouch! That really hurt!
You die...

.. .... ...#
... #..# ...#
#.. #..# ....#
##..##..##....#
..............+
[.......oo....#
.......oo.<...#
###+###@#######
.......sF......
...............
...............
...............
...............
############.!.
{ ... ..


You could see Prince Ribbit, a scorpion, 2 orc priests, an orc wizard and an
orc.

Vanquished Creatures
  3 adders
  A worm (D:2)
  A dart slug (D:1)
  An orc (D:3)
  2 endoplasms
  2 giant cockroaches (D:2)
  2 goblins
  2 quokkas (D:1)
  4 ball pythons (D:2)
  A bat (D:2)
  4 kobolds
  3 rats
26 creatures vanquished.

Notes
Turn   | Place    | Note
-------+----------+-------------------------------------------
     0 | D:1      | DildoBatman the Formicid Conjurer began the quest for the
                  | Orb.
     0 | D:1      | Reached XP level 1. HP: 13/13 MP: 3/3
   188 | D:1      | Found a faded altar of an unknown god.
   350 | D:1      | Reached XP level 2. HP: 20/20 MP: 5/5
   354 | D:1      | Learned a level 2 spell: Searing Ray
   364 | D:1      | You fall into a shaft and drop 1 floor!
   700 | D:2      | Reached skill level 1 in Fighting
   700 | D:2      | Reached XP level 3. HP: 26/26 MP: 3/6
   727 | D:2      | Reached skill level 1 in Armour
  1090 | D:3      | Reached XP level 4. HP: 32/32 MP: 3/7
  1092 | D:3      | You fall into a shaft and drop 2 floors!
  1092 | D:5      | Entered Level 5 of the Dungeon
  1096 | D:5      | Noticed a scorpion
  1097 | D:5      | Noticed Prince Ribbit
  1102 | D:5      | Slain by Prince Ribbit

Illustrated notes

Levels and vault maps discovered:
D:1:      lightli_molten_gateway, layout_rooms, chequers_ecumenical_altar_grove
D:2:      layout_rooms, reono_crystal_passage
D:3:      layout_loops_ring, minmay_cut_off, uniq_crazy_yiuf_cottage,
          uniq_natasha
D:5:      layout_gridville, nzn_wu_jian_contemplation, lemuel_doored_altar,
          minmay_temple_entry_overgrown, uniq_prince_ribbit1

Skill      XL: |  1  2  3 |
---------------+----------+-----
Fighting       | 1 |  1.4
Dodging        | 2 |  2.2
Armour         | 1 |  1.2
Stealth        | 3 |  3.0
Spellcasting   | |  2.6
Conjurations   | |  3.8

Action                     |  1- 3 |  4- 6 || total
---------------------------+-------+-------++-------
  Melee: Spear             |     6 |       ||     6
         Unarmed           |     3 |       ||     3
   Fire: Sling             |    45 |       ||    45
   Cast: Magic Dart        |    11 |       ||    11
         Searing Ray       |     6 |       ||     6
Ability: Dig               |       |     1 ||     1
         Shaft Self        |       |     1 ||     1
 Armour: Robe              |     2 |       ||     2
  Dodge: Dodged            |     9 |     1 ||    10
